 Dungeon Crawl Stone Soup version 0.26-a0-665-gefeb406119 (webtiles) character file.

Game seed: 16051702099746925689

1150 miscthings the Cleaver (level 8, -23/66 HPs)
             Began as a Palentonga Delver on Oct 15, 2020.
             Was a Priest of Ru.
             Annihilated by a gnoll
             ... wielding a +0 flail of distortion
              (26 damage)
             ... on level 4 of the Dungeon.
             The game lasted 00:10:33 (5531 turns).

miscthings the Cleaver (Palentonga Delver)          Turns: 5531, Time: 00:10:34

Health: -23/66     AC:  8    Str: 16    XL:     8   Next: 15%
Magic:  8/8        EV:  7    Int: 10    God:    Ru [***...]
Gold:   164        SH:  0    Dex: 14    Spells: 7/7 levels left

rFire    + . .     SeeInvis +   a - +0 hand axe
rCold    . . .     Faith    .   (no shield)
rNeg     . . .     Spirit   .   B - +1 ring mail {rF+}
rPois    .         Reflect  .   (no helmet)
rElec    .         Harm     .   y - +0 cloak
rCorr    .         Rampage  .   x - +0 pair of gloves
MR       .....                  t - +1 barding
Stlth    ++........             n - amulet of the acrobat
HPRegen  0.21/turn              j - ring of wizardry
MPRegen  0.11/turn              (no ring)

@: mighty
A: large, rugged brown scales 3, see invisible, deformed body, reduced AC 1,
unskilled 1, roll, armoured tail
a: Rolling Charge, Draw Out Power, Renounce Religion


You were on level 4 of the Dungeon.
You worshipped Ru.
Ru was most pleased with you.
You visited 2 branches of the dungeon, and saw 6 of its levels.

You collected 164 gold pieces.

Inventory:

Hand Weapons
 a - a +0 hand axe (weapon)
Missiles
 r - 38 poisoned darts (quivered)
Armour
 t - a +1 barding (worn)
 x - a +0 pair of gloves (worn)
 y - a +0 cloak (worn)
 B - a +1 ring mail of fire resistance (worn)
Jewellery
 j - a ring of wizardry (left hand)
 n - an amulet of the acrobat (around neck)
 o - an uncursed amulet of magic regeneration
Wands
 g - a wand of digging (8)
 v - a wand of acid (1)
Scrolls
 b - a scroll of identify {@r1}
 c - 2 scrolls of fog
 d - 2 scrolls of magic mapping
 e - a scroll of fear
 l - 2 scrolls of random uselessness
 m - 4 scrolls of remove curse {unknown}
 w - a scroll of immolation {unknown}
 z - a scroll of teleportation
 A - a scroll of enchant weapon {unknown}
Potions
 f - a potion of haste
 h - a potion of magic
 i - a potion of mutation
 k - a potion of heal wounds {unknown}
 p - 2 potions of flight
 q - 3 potions of berserk rage {unknown}
 s - 4 potions of curing


   Skills:
 - Level 2.6 Fighting
 + Level 9.1 Axes
 - Level 1.3 Dodging
 - Level 3.0 Stealth


You had 7 spell levels left.
You didn't know any spells.
Your spell library was empty.

Dungeon Overview and Level Annotations

Branches:
Dungeon (5/15)             Temple (1/1) D:4

Altars:
Ashenzari
Cheibriados
Dithmenos
Elyvilon
Fedhas
Gozag
Hepliaklqana
Kikubaaqudgha
Makhleb
Qazlal
Ru
Trog
Vehumet
Wu Jian
Xom

Portals:
Abyss: D:4

Annotations:
D:4 1 transporter


Innate Abilities, Weirdness & Mutations

You are completely covered in rugged brown scales. (AC +3, +7% HP)
You have supernaturally acute eyesight. (SInv)
Armour fits poorly on your strangely shaped body.
You take slightly more damage. (AC -5)
You are somewhat unskilled. (-1 Apt)
You can roll at foes to attack.
You have a long armoured tail.


Message History

The crimson imp is heavily wounded.
The crimson imp is stunned by your will and fails to attack.
You slash the crimson imp! You tail-slap the crimson imp.
You kill the crimson imp!
There is a transporter here.
The gnoll barely misses you.
There is a one-way gate to the infinite horrors of the Abyss here.
You hit the gnoll but do no damage.
The gnoll hits you with a +0 flail of distortion!
Space warps horribly around you!
* * * LOW HITPOINT WARNING * * *
You focus your will and blind the gnoll in retribution!
You hit the gnoll.
The gnoll is moderately wounded.
You hit the gnoll.
The gnoll is heavily wounded.
The gnoll hits you with a +0 flail of distortion.
* * * LOW HITPOINT WARNING * * *
Space warps horribly around you!!
You die...

####'###..##.##..##..####...#....
..........#.#.##©##....©#...#....
..........##...###..##.##...#....
...........# .#?..######....#....
...........###..#.##........#....
########'#...#.##.#......#+##....
.....).......#...##..###......###
............##.#©#..##.##.....#..
...........##..#@##.##..##....#..
...........#.^##.g###...##....'..
..........##...###.# #.##.....#.)
#########[#....##....#$#©.+####..
...#....#.#.###... #...#.........
...#....#.###.##$####.##.........
...#....#......###..###..........
..####.####.............#..######
..####.####....####...###..##....


You could see a gnoll (blind).

Vanquished Creatures
  A small abomination (D:4)
  Menkaure (D:4)
  An ogre (D:4)
  A phantom (D:4)
  Blork the orc (D:4)
  A bullfrog (D:3)
  A scorpion (D:4)
  A crimson imp (D:4)
  2 hounds (D:4)
  Crazy Yiuf (D:3)
  2 orc wizards (D:3)
  Ijyb (D:3)
  Jessica (D:3)
  An iguana (D:4)
  Terence (D:2)
  A worker ant (D:4)
  10 adders
  2 oozes
  3 worms (D:2)
  3 dart slugs
  8 orcs
  6 ball pythons
  3 giant cockroaches
  4 goblins
  4 hobgoblins
  2 quokkas (D:3)
  12 bats
  7 frilled lizards
  A jackal skeleton (D:4)
  5 kobolds
  A leopard gecko zombie (D:4)
  6 rats
95 creatures vanquished.

Vanquished Creatures (others)
  The ghost of Whiskey the Gusty, an amateur TeAE of Vehumet (D:4)
  2 plants (D:4)
3 creatures vanquished.

Grand Total: 98 creatures vanquished

Notes
Turn   | Place    | Note
-------+----------+-------------------------------------------
     0 | D:5      | miscthings the Palentonga Delver began the quest for the
                  | Orb.
     0 | D:5      | Reached XP level 1. HP: 20/20 MP: 1/1
     9 | D:5      | Noticed an ogre
    81 | D:4      | Found a staircase to the Ecumenical Temple.
    83 | D:4      | Found a shadowy altar of Dithmenos.
    83 | D:4      | Noticed a phantom
    96 | Temple   | Entered the Ecumenical Temple
   210 | Temple   | Became a worshipper of Ru the Awakened
   247 | D:3      | Noticed Jessica
   249 | D:3      | Killed Jessica
   249 | D:3      | Reached skill level 3 in Axes
   249 | D:3      | Reached XP level 2. HP: 24/27 MP: 2/2
   249 | D:3      | Reached XP level 3. HP: 29/33 MP: 3/3
   266 | D:3      | Noticed Ijyb
   316 | D:2      | Found an opulent altar of Gozag.
   418 | D:1      | Reached skill level 4 in Axes
  1055 | D:2      | Gained mutation: You are somewhat unskilled. (-1 Apt) [Ru
                  | sacrifice]
  1055 | D:2      | Reduced skill Axes to level 3
  1055 | D:2      | Reached * piety under Ru
  1055 | D:2      | Reached ** piety under Ru
  1101 | D:2      | Reached XP level 4. HP: 39/39 MP: 4/4
  1103 | D:2      | Reached skill level 4 in Axes
  1327 | D:2      | Noticed Terence
  1339 | D:2      | Killed Terence
  1514 | D:2      | Found a hazy altar of Hepliaklqana.
  1515 | D:2      | Found a snail-covered altar of Cheibriados.
  1696 | D:2      | Found a bloodstained altar of Trog.
  2171 | D:3      | Noticed a bullfrog
  2175 | D:3      | Killed a bullfrog
  2175 | D:3      | Reached skill level 5 in Axes
  2175 | D:3      | Reached XP level 5. HP: 44/44 MP: 5/5
  2270 | D:3      | Reached XP level 6. HP: 18/53 MP: 6/6
  2502 | D:3      | Killed Ijyb
  2502 | D:3      | Reached skill level 6 in Axes
  3214 | D:3      | Found a runed translucent door.
  3215 | D:3      | Noticed Crazy Yiuf
  3788 | D:3      | Killed Crazy Yiuf
  4111 | D:4      | Gained mutation: You take slightly more damage. (AC -5) [Ru
                  | sacrifice]
  4111 | D:4      | Reached *** piety under Ru
  4138 | D:4      | Found a burning altar of Makhleb.
  4290 | D:4      | Reached skill level 7 in Axes
  4290 | D:4      | Reached XP level 7. HP: 17/59 MP: 7/7
  4399 | D:4      | Noticed Whiskey's ghost (amateur TeAE)
  4403 | D:4      | Noticed a small abomination
  4407 | D:4      | Found a transporter.
  4423 | D:4      | Noticed Blork the orc
  4443 | D:4      | Killed Blork the orc
  4767 | D:4      | Found a one-way gate to the infinite horrors of the Abyss.
  4771 | D:4      | Found a transporter.
  4984 | D:4      | Reached skill level 8 in Axes
  5305 | D:4      | Noticed Menkaure
  5319 | D:4      | Killed Menkaure
  5510 | D:4      | Killed Whiskey's ghost
  5520 | D:4      | Killed a small abomination
  5520 | D:4      | Reached skill level 9 in Axes
  5520 | D:4      | Reached XP level 8. HP: 31/66 MP: 8/8
  5531 | D:4      | HP: 3/66 [gnoll/+0 flail of distortion (4)]
  5531 | D:4      | Annihilated by a gnoll

Illustrated notes

Levels and vault maps discovered:
D:1:      nicolae_arrival_somewhat_less_tricky_arrival, layout_rooms
D:2:      layout_loops_corners, bloody_trog, gammafunk_temple_overflow_statue,
          nicolae_gozag_seed_capital, uniq_terence
D:3:      layout_basic, minmay_misc_feat_four_crosses, minmay_snake_closets,
          uniq_crazy_yiuf_cottage, uniq_ijyb, uniq_jessica
D:4:      layout_gridville, grunt_dithmenos_shadows, lemuel_crystal_altar,
          minmay_temple_entry_gardened_gates, gammafunk_ghost_abyssal_escape,
          kennysheep_nub, uniq_menkaure, uniq_blork_the_orc
D:5:      layout_cave_pools, dancing_weapons_uskayaw, nicolae_ru_path_of_blood
Temple:   nicolae_temple_figure_zero

Skill      XL: |  1  2  3  4  5  6  7 |
---------------+----------------------+-----
Axes           | 3 3 5 7 9 |  9.1
Fighting       | 2 |  2.6
Dodging        | |  1.3
Stealth        | |  3.0

Action                   |  1- 3 |  4- 6 |  7- 9 || total
-------------------------+-------+-------+-------++-------
Melee: Hand axe          |    86 |   206 |    78 ||   370
       Tailslap          |    10 |    32 |    15 ||    57
Throw: Dart              |       |    23 |     5 ||    28
Invok: Sacrifice Skill   |     1 |       |       ||     1
       Sacrifice Health  |       |     1 |       ||     1
       Draw Out Power    |       |       |     1 ||     1
 Abil: Rolling Charge    |    13 |    41 |     9 ||    63
Evoke: Wand              |       |       |     1 ||     1
  Use: Scroll            |       |     7 |     1 ||     8
       Potion            |       |     1 |     1 ||     2
 Stab: Sleeping          |       |     2 |       ||     2
       Distracted        |       |     1 |       ||     1
Armor: Leather armour    |    63 |    80 |       ||   143
       Ring mail         |       |       |     9 ||     9
Dodge: Dodged            |    76 |    62 |    18 ||   156

Table legend: (Time is in decaauts)
 A = Elapsed time spent in this place.
 B = Non-inter-level travel time spent in this place.
 C = Inter-level travel time spent in this place.
 D = Time resting spent in this place.
 E = Time spent auto-exploring this place.
 F = Levels seen in this place.
 G = Mean time per level.
                   A        B        C        D        E       F      G
               +--------+--------+--------+--------+--------+-----+--------+
         Total |   5525 |   5341 |    184 |   1308 |   2949 |   6 |  920.8 |
       Dungeon |   5400 |   5225 |    175 |   1308 |   2842 |   5 | 1080.0 |
        Temple |    124 |    115 |      9 |      0 |    107 |   1 |  124.0 |
               +--------+--------+--------+--------+--------+-----+--------+

Top non-repeatable levels by time:
     D:3: 2035 daAuts
     D:4: 1506 daAuts
     D:2: 1222 daAuts
     D:1: 617 daAuts
  Temple: 124 daAuts
     D:5: 18 daAuts
